 Dungeon Crawl Stone Soup version 0.28.0-43-g3370ac3207 (webtiles) character file.

Game seed: 17531097557362741850

505 Pinkishskies the Magician (level 7, -4/45 HPs)
             Began as a Djinni Fire Elementalist on Mar 9, 2022.
             Slain by a bullfrog zombie (5 damage)
             ... on level 5 of the Dungeon.
             The game lasted 00:18:07 (6384 turns).

Pinkishskies the Magician (DjFE)                    Turns: 6384, Time: 00:18:08

Health: -4/45      AC:  5    Str:  7    XL:     7   Next: 41%
Gold:   111        EV: 12    Int: 24    God:
                   SH:  0    Dex: 14

rFire   + + .      SeeInvis .   j - +1 dagger (drain)
rCold   x . .      Faith    .   (no shield)
rNeg    . . .      Spirit   .   v - +0 leather armour
rPois   ∞          Reflect  .   (no helmet)
rElec   .          Harm     .   (no cloak)
rCorr   .          Rampage  .   q - +1 pair of gloves
Will    +....                   (boots unavailable)
Stlth   ++........              g - amulet of magic regeneration
HPRegen 0.15/turn               c - +6 ring of intelligence
MPRegen 0.00/turn               p - ring of willpower

@: flying
A: sickness immunity, fire resistance 2, cold vulnerability 1, float, innate
caster, HP casting, extra vitality 1
a: no special abilities


You were on level 5 of the Dungeon.
You visited 1 branch of the dungeon, and saw 6 of its levels.

You collected 183 gold pieces.
You spent 72 gold pieces at shops.

Inventory:

Hand Weapons
 j - a +1 dagger of draining (weapon)
 n - a +0 flail of protection
Armour
 a - a +0 robe
 q - a +1 pair of gloves (worn)
 v - a +0 leather armour (worn)
Jewellery
 c - a +6 ring of intelligence (left hand)
 g - an amulet of magic regeneration (around neck)
 p - a ring of willpower (right hand)
Scrolls
 d - a scroll of noise
 f - a scroll of blinking {unknown}
 h - a scroll of immolation {unknown}
 i - 2 scrolls of identify
 k - a scroll of teleportation {unknown}
 r - a scroll of enchant armour {unknown}
 s - a scroll of amnesia
 t - 2 scrolls of fear
 u - a scroll of vulnerability {unknown}
Potions
 b - 2 potions of degeneration
 e - a potion of brilliance
 m - 3 potions of berserk rage
 o - 2 potions of haste


   Skills:
 + Level 0.1 Fighting
 * Level 3.8 Dodging
 * Level 3.5 Stealth
 + Level 4.9 Spellcasting


You couldn't memorise any spells.
You knew the following spells:

 Your Spells              Type           Power      Damage    Failure   Level
a - Foxfire               Conj/Fire      100%       2x1d9     1%          1
b - Scorch                Fire           58%        2d7       2%          2
c - Conjure Flame         Conj/Fire      29%        6-21      5%          3
d - Inner Flame           Hex/Fire       29%        N/A       5%          3
e - Flame Wave            Conj/Fire      29%        2d8       17%         4
f - Freeze                Ice            100%       1d11      1%          1
g - Wereblood             Tmut           29%        N/A       2%          2
h - Teleport Other        Tloc           29%        N/A       5%          3
Your spell library was empty.

Dungeon Overview and Level Annotations

Branches:
Dungeon (6/15)
 Temple: D:4-7

Altars:
Okawaru
Trog

Shops:
D:4 *

Annotations:
D:2 Natasha


Innate Abilities, Weirdness & Mutations

You are immune to sickness and miasma.
You are immune to poison.
Your flesh is very heat resistant. (rF++)
You are vulnerable to cold. (rC-)
You float through the air rather than walking.
You learn spells naturally, not from books.
Your magical power is your life essence.
You have superior vitality. (+4 MHP)


Message History

The orc hits you from afar with a +0 trident.
Flames lash the bullfrog zombie.
The bullfrog zombie is moderately damaged.
The bullfrog zombie's fire resistance burns away.
The bullfrog zombie hits you.
The orc hits you from afar with a +0 trident!
* * * LOW HITPOINT WARNING * * *
The bullfrog zombie hits you but does no damage.
You are too injured to fight recklessly!
You are too injured to fight recklessly!
You are too injured to fight recklessly!
Casting: Scorch (safe; 2% risk of failure)
Confirm with . or Enter, or press ? or * to list all spells.
Flames lash the bullfrog zombie.
The bullfrog zombie is burned terribly!
The bullfrog zombie is heavily damaged.
* * * LOW HITPOINT WARNING * * *
The orc barely misses you. The bullfrog zombie hits you.
* * * LOW HITPOINT WARNING * * *
Casting: Scorch (safe; 2% risk of failure)
Confirm with . or Enter, or press ? or * to list all spells.
Flames lash the orc.
The orc is burned terribly!
You kill the orc!
* * * LOW HITPOINT WARNING * * *
The bullfrog zombie hits you.
* * * LOW HITPOINT WARNING * * *
Unknown command.
Casting: Scorch (safe; 2% risk of failure)
Confirm with . or Enter, or press ? or * to list all spells.
You don't have enough health to cast this spell.
Casting: Scorch (safe; 2% risk of failure)
Confirm with . or Enter, or press ? or * to list all spells.
You don't have enough health to cast this spell.
You can't see any enemies this would affect, really read the scroll of fear? [Y]es or [N]o only, please.
You can't see any enemies this would affect, really read the scroll of fear?
Okay, then.
You completely miss the bullfrog zombie.
The bullfrog zombie is heavily damaged.
The bullfrog zombie hits you.
You die...

Z.### #. #...#..
#.#.#.# #o# ..#
### #Z##.#### #..
./......#### #.#
#$o####....# #.#
#...hZ.....# #.#
##.####....# #@#
#.# #.#.## #Z#
#.# #.#.# #)#
#.####.#.######)#
#)..............#
######...o......#
###o######.# #.#
#.# #o# #.#


You could see a bullfrog zombie (combustible).

Vanquished Creatures
  A scorpion (D:6)
  A hound (D:6)
  2 orc priests (D:4)
  A bullfrog skeleton (D:5)
  Ijyb (D:4)
  2 iguanas (D:4)
  Natasha (twice) (D:2)
  2 orc wizards
  2 gnolls
  4 adders
  2 dart slugs
  13 orcs
  6 ball pythons
  5 bats
  8 endoplasms
  5 giant cockroaches
  9 goblins
  4 hobgoblins
  4 quokkas
  4 frilled lizards
  7 kobolds
  8 rats
93 creatures vanquished.

Vanquished Creatures (others)
  356 foxfires
356 creatures vanquished.

Grand Total: 449 creatures vanquished

Notes
Turn   | Place    | Note
-------+----------+-------------------------------------------
     0 | D:1      | Pinkishskies the Djinni Fire Elementalist began the quest
                  | for the Orb.
     0 | D:1      | Reached XP level 1. HP: 15/15 MP: 0/0
   288 | D:1      | Reached XP level 2. HP: 17/21 MP: 0/0
  1053 | D:2      | Reached skill level 3 in Spellcasting
  1054 | D:2      | Reached XP level 3. HP: 13/25 MP: 0/0
  1054 | D:2      | Learned a level 1 spell: Freeze
  1542 | D:2      | Noticed Natasha
  1548 | D:2      | Killed Natasha
  1549 | D:2      | Reached XP level 4. HP: 24/31 MP: 0/0
  1584 | D:2      | Noticed Natasha
  1588 | D:2      | Killed Natasha
  2075 | D:1      | Reached XP level 5. HP: 19/35 MP: 0/0
  2075 | D:1      | Learned a level 2 spell: Wereblood
  2284 | D:1      | Found a faded altar of an unknown god.
  2901 | D:2      | Noticed Natasha
  4148 | D:3      | You are sucked into a shaft and drop 1 floor!
  4253 | D:4      | Found an iron altar of Okawaru.
  4253 | D:4      | Found a bloodstained altar of Trog.
  4258 | D:4      | Reached skill level 4 in Spellcasting
  4585 | D:4      | Noticed an ogre
  4854 | D:4      | Found Nucy's CLEARANCE SALE!.
  4858 | D:4      | Bought a scroll of identify for 8 gold pieces
  4858 | D:4      | Bought a scroll of identify for 8 gold pieces
  4875 | D:4      | Bought a scroll of amnesia for 14 gold pieces
  4875 | D:4      | Bought 3 scrolls of fear for 42 gold pieces
  4892 | D:4      | Reached XP level 6. HP: 34/40 MP: 0/0
  5550 | D:4      | Noticed Ijyb
  5558 | D:4      | Killed Ijyb
  5559 | D:4      | Reached XP level 7. HP: 36/45 MP: 0/0
  5559 | D:4      | Learned a level 3 spell: Teleport Other
  5683 | D:5      | Entered Level 5 of the Dungeon
  5687 | D:5      | Noticed a hornet
  5726 | D:6      | HP: 1/45 [hornet (11)]
  6383 | D:5      | HP: 1/45 [bullfrog zombie (3)]
  6384 | D:5      | Slain by a bullfrog zombie

Illustrated notes

Levels and vault maps discovered:
D:1:      dpeg_arrival_three_bigger_balls, layout_loops_ring,
          hellmonk_ecumenical_altar_pennies_from_heaven, chequers_arboretum,
          chequers_serial_rivers_room_b
D:2:      layout_rooms, serial_corexii_hall, chequers_hall_statues_wall_a,
          chequers_hall_statues_corner_a, corexii_hall_statues_u,
          corexii_hall_statues_i, uniq_natasha
D:3:      layout_basic
D:4:      cheibrodos_quashed, layout_basic, grunt_temple_overflow_bloody_war,
          nicolae_shop_clearance, uniq_ijyb
D:5:      cheibrodos_fzero, layout_loops_ring
D:6:      layout_gridville

Skill      XL: |  1  2  3  4  5  6 |
---------------+-------------------+-----
Spellcasting   | 3 4 |  4.9
Stealth        | 2 3 |  3.5
Dodging        | 3 |  3.8
Fighting       | |  0.1

Action                   |  1- 3 |  4- 6 |  7- 9 || total
-------------------------+-------+-------+-------++-------
Melee: Dagger            |       |     1 |     3 ||     4
 Cast: Foxfire           |    66 |   163 |    16 ||   245
       Scorch            |       |     5 |     9 ||    14
       Freeze            |       |     5 |       ||     5
       Conjure Flame     |       |     1 |     1 ||     2
       Teleport Other    |       |       |     2 ||     2
  Use: Scroll            |       |     6 |     1 ||     7
       Potion            |       |       |     3 ||     3
Armor: Robe              |     1 |     3 |       ||     4
       Leather armour    |       |       |     6 ||     6
Dodge: Dodged            |     1 |     7 |    25 ||    33
